AoeStats
← OOO4971

Arena

510058764Analyzed
4v4 RM · 3d ago on Sep 29, 2026· 46m 50s· 8 players
Game mode
Random Map
Map size
Large (8 player)
Population
200
Speed
Normal
Resources
Standard
Victory
Conquest
Starting age
Dark Age
Ending age
Imperial Age
RankedLock teamsTeams togetherTeam positionsShared explorationLock speedFull tech treeHidden civsTurbo modeCheats
Victory
Defeat
🇴🇲 Britons · Oman
857
+30
853
+12
🇫🇷 Inca · France
832
+13
🇮🇩 Danes · Indonesia
823
+14
🇪🇸 Mongols · Spain
848
-15
🇹🇼 Varangians · Taiwan
781
-13
🇹🇷 Mongols · Türkiye
745
-12
🇨🇳 Bohemians · China
721
-11
DuaLipaFanboy59
10:13 Feudal Age
12:02 Double-Bit Axe
17:43 Castle Age
16:59 Forging
16:53 Gold Mining
18:12 Champi Runner
19:28 Squires
20:44 Arson
20:51 Champi Warrior
23:01 Scale Mail Armor
24:45 Horse Collar
27:57 Pikeman
36:18 Imperial Age
35:51 Chain Mail Armor
36:12 Iron Casting
36:21 Elite Champi Warrior
38:27 Fabric Shields
39:03 Bow Saw
42:03 Blast Furnace
41:33 Plate Mail Armor
41:20 Halberdier
46:35 Caravan
Naruto
1:20 Loom
12:18 Feudal Age
16:05 Castle Age
13:55 Horse Collar
14:07 Double-Bit Axe
17:41 Wheelbarrow
20:05 Heavy Plow
23:18 Bow Saw
23:27 Gold Mining
23:53 Stone Mining
25:23 Hand Cart
26:10 Gold Shaft Mining
28:47 Imperial Age
26:37 Fletching
26:51 Padded Archer Armor
27:43 Caravan
28:10 Bodkin Arrow
28:30 Leather Archer Armor
30:01 Conscription
30:32 Bracer
31:02 Ring Archer Armor
30:30 Crossbowman
31:50 Yeomen
31:44 Arbalester
32:42 Forging
33:18 Ballistics
34:19 Chemistry
32:57 Pikeman
34:03 Squires
37:08 Warwolf
42:23 Iron Casting
41:49 Scale Mail Armor
42:46 Capped Ram
45:26 Halberdier
46:23 Chain Mail Armor
BoBo鸡之印第安走地鸡
0:40 Loom
12:20 Feudal Age
13:00 Double-Bit Axe
13:34 Horse Collar
16:07 Castle Age
15:27 Stone Mining
17:33 Bow Saw
23:40 Heavy Plow
26:25 Wheelbarrow
26:39 Stone Shaft Mining
25:59 Gold Mining
27:25 Hand Cart
28:35 Gold Shaft Mining
32:43 Imperial Age
29:59 Town Watch
31:30 Padded Archer Armor
31:20 Fletching
31:32 Scale Mail Armor
31:43 Forging
33:00 Thumb Ring
34:21 Conscription
34:07 Huaracas
34:15 Squires
33:35 Elite Temple Guard
35:07 Crop Rotation
36:05 Two-Man Saw
36:08 Bodkin Arrow
36:29 Leather Archer Armor
36:08 Elite Guecha Warrior
39:51 Ballistics
39:12 Treadmill Crane
39:43 Masonry
39:54 Bracer
40:09 Chain Mail Armor
46:28 Herbalism
Lagi Gabut
0:30 Loom
11:47 Feudal Age
14:10 Horse Collar
14:22 Double-Bit Axe
15:14 Gold Mining
15:14 Stone Mining
21:11 Castle Age
27:18 Pikeman
27:58 Squires
29:08 Elite Skirmisher
34:10 Heavy Plow
34:14 Fletching
34:28 Padded Archer Armor
34:58 Ballistics
36:27 Leather Archer Armor
36:07 Bodkin Arrow
37:09 Gold Shaft Mining
37:10 Stone Shaft Mining
38:40 Wheelbarrow
39:44 Scale Mail Armor
39:56 Forging
40:01 Caravan
40:31 Coinage
43:04 Imperial Age
42:00 Hamask
43:00 Chain Mail Armor
43:21 Iron Casting
44:35 Banking
45:24 Ring Archer Armor
44:54 Bracer
46:07 Chemistry
45:13 Siege Engineers
45:46 Hand Cart
46:49 Bow Saw
46:17 Onager
OOO4971
8:37 Loom
11:23 Feudal Age
19:04 Castle Age
18:44 Wheelbarrow
20:29 Double-Bit Axe
20:26 Horse Collar
22:50 Caravan
22:56 Gold Mining
24:57 Husbandry
29:00 Fletching
39:17 Imperial Age
37:37 Stone Mining
38:24 Scale Barding Armor
38:15 Bodkin Arrow
38:20 Padded Archer Armor
39:30 Ballistics
Olala
7:22 Loom
10:35 Feudal Age
13:14 Wheelbarrow
13:12 Double-Bit Axe
17:22 Castle Age
16:48 Horse Collar
17:18 Scale Mail Armor
18:57 Bow Saw
19:29 Chain Mail Armor
19:27 Stone Mining
22:18 Gold Mining
23:07 Heavy Plow
24:03 Forging
26:08 Gambesons
27:06 Fletching
28:36 Stone Shaft Mining
28:49 Scale Barding Armor
29:48 Iron Casting
30:32 Chain Barding Armor
30:12 Arson
30:50 Vendel Legacy
32:00 Town Watch
32:29 Squires
32:43 Bodkin Arrow
32:48 Murder Holes
33:14 Ballistics
38:35 Imperial Age
36:22 Hand Cart
36:09 Town Patrol
37:07 Masonry
40:02 Bracer
41:07 Chemistry
40:21 Fortified Wall
39:38 Elite Skirmisher
41:28 Architecture
41:18 Padded Archer Armor
41:50 Plate Mail Armor
43:15 Leather Archer Armor
43:49 Coinage
44:46 Ring Archer Armor
46:09 Blast Furnace
45:59 Guilds
爆脆星星堡
12:24 Feudal Age
14:17 Wheelbarrow
19:34 Castle Age
18:30 Double-Bit Axe
18:29 Horse Collar
20:41 Hand Cart
34:50 Imperial Age
35:11 Forging
35:02 Scale Mail Armor
35:05 Loom
35:05 Town Watch
36:43 Conscription
36:58 Bow Saw
37:30 Elite Hussite Wagon
38:19 Wagenburg Tactics
OvertChunk95
12:18 Feudal Age
10:35 Loom
16:59 Castle Age
15:01 Horse Collar
15:26 Double-Bit Axe
21:34 Wheelbarrow
25:13 Heavy Plow
26:50 Bow Saw
31:25 Imperial Age
29:26 Gold Mining
29:49 Stone Mining
31:36 Hand Cart
31:23 Town Watch
31:30 Fletching
31:41 Padded Archer Armor
32:06 Caravan
32:35 Bodkin Arrow
33:54 Gold Shaft Mining
33:55 Stone Shaft Mining
34:04 Conscription
34:37 Ballistics
34:57 Bracer
35:13 Leather Archer Armor
35:34 Leather Archer Armor
35:23 Husbandry
35:34 Bloodlines
37:30 Parthian Tactics
37:11 Thumb Ring
37:32 Drill
38:14 Elite Mangudai
38:22 Capped Ram
40:23 Siege Ram
43:55 Chemistry
Connection lost

Rejoining the realm…

Still unreachable

The connection could not be restored.

Session expired

The server has moved on; the page needs a fresh start.